Unix NetHack Version 3.7.0-89 Work-in-progress - last build Sep 7 2023 15:16:41 (8494bff02b67719303c47e298deaa89034127798,branch:master). Game began 2023-09-10 23:55:17, ended 2023-09-11 00:08:07. Stella, chaotic female orcish Barbarian ------ |....| ---- |.....############## ########.... |.<..| #####0#########a#a@### # |%.. ---.-- #----------- ### .. # #|......|...# # # #|......|..|#####Q --------------- # # ###....---|..| # |....N.........##### # # 0|...|.....| ##............>.|###0 ### # |...|..|..| |.............+# # -.---- # |...| |..| --------------- # |....| ## |...| |..| |....| ## |...| |..| |.....## |...| |..| |....| |.---+--..| |....| |.........| |..... |.........| ------ ----------- Stella the Bandit St:18 Dx:15 Co:17 In:8 Wi:8 Ch:7 Chaotic Dlvl:17 $:612 HP:0(85) Pw:15(15) AC:0 Exp:8 T:3585 Weak Latest messages: You miss it. The vampire bat misses! The vampire bat misses! You miss it. The vampire bat bites! The vampire bat bites again! You hit it. The vampire bat misses! The vampire bat bites! You hit it. The vampire bat misses! The vampire bat bites! The vampire bat misses! The vampire bat bites! You kill the vampire bat! Welcome to experience level 8. The woman-at-arms turns into a gold golem! $ - 181 gold pieces The dresser turns into a sergeant! The quantum mechanic hits! You hit it. You hit it. Pescepalla hits! Pescepalla hits again! You hit it. Pescepalla hits! Pescepalla hits again! You hit it. Pescepalla hits! Pescepalla hits again! You hit it. You kill pescepalla! The winter wolf cub bites! You hit it. You hit it. The winter wolf cub bites! You miss it. You kill the winter wolf cub! The quantum mechanic hits! You are beginning to feel weak. A soldier ant suddenly appears close by! You stop searching. A soldier ant suddenly appears close by! The soldier ant bites! The soldier ant stings! You miss it. The soldier ant bites! The soldier ant stings! You die... Do you want to see the dungeon overview? [ynq] (y) Inventory: Coins $ - 612 gold pieces Amulets r - an uncursed amulet of ESP (being worn) Weapons a - a +0 battle-axe (weapon in hands) E - a +0 dwarvish mattock b - a +0 orcish short sword Armor w - a blessed +0 dwarvish iron helm (being worn) B - a cursed -1 pair of fumble boots x - an uncursed +0 pair of iron shoes (being worn) y - an uncursed +0 dwarvish cloak (being worn) z - an uncursed +0 dwarvish mithril-coat (being worn) Comestibles e - an uncursed egg Scrolls F - an uncursed scroll of create monster j - an uncursed scroll of destroy armor u - an uncursed scroll of fire Potions C - an uncursed potion of booze A - an uncursed potion of object detection n - a cursed potion of paralysis v - an uncursed potion of restore ability h - an uncursed potion of speed Wands o - a wand of polymorph (0:4) Tools k - a cursed magic lamp (lit) Gems/Stones l - an uncursed worthless piece of blue glass Stella the Barbarian's attributes: Background: You were a Bandit, a level 8 female orcish Barbarian. You were chaotic, on a mission for Set who was opposed by Mitra (lawful) and Crom (neutral). You were in the Dungeons of Doom, on level 17. You entered the dungeon 3585 turns ago. It was the midnight hour. You had 1552 experience points, 1008 more were needed to attain level 9. Basics: You had 0 out of 85 hit points. You had all 15 energy points (spell power). Your armor class was 0. Your wallet contained 612 zorkmids. Autopickup was on for '$?!/"=' plus thrown, with exceptions. Final Characteristics: Your strength was 18 (base:18/01, limit:18/50). Your dexterity was 15 (peak:16, limit:18). Your constitution was 17 (limit:18). Your intelligence was 8 (limit:16). Your wisdom was 8 (limit:16). Your charisma was 7 (limit:16). Final Status: You were weak from severe hunger. You were unencumbered. You were wielding an axe. You had basic skill with axe and could have enhanced that. Final Attributes: You were piously aligned. You were poison resistant. You were telepathic. You had infravision. You were guarded. You were fast. You are dead. Miscellaneous: You disabled loading of bones levels. Total elapsed playing time was 12 minutes and 50 seconds. Major events: Turn 1: Stella the chaotic female orcish Barbarian entered the dungeon 662: attained the rank of Pillager (level 3) 1610: attained the rank of Bandit (level 6) 1716: entered the Bigroom 3585: killed by a soldier ant Vanquished creatures: a doppelganger a stalker a warg 2 shocking spheres 2 giant beetles a quivering blob a cockatrice 3 winter wolf cubs a vampire bat an orc mummy 2 owlbears a yeti a dwarf leader a snake a wood nymph an orc shaman a shrieker a guardian naga hatchling 2 giant ants 2 floating eyes a dwarf a kobold leader 2 rothes an iguana a hobbit 2 manes 2 large kobolds a gecko a jackal 2 lichens a kobold zombie a newt 43 creatures vanquished. No species were genocided or became extinct. Voluntary challenges: You read items or engraved 3 times. You never engraved Elbereth. You never had a pet. You never genocided any monsters. You never polymorphed an object. You never changed form. You used no wishes. Achievements: You attained the rank of Pillager. You entered a shop. You attained the rank of Bandit. You entered the Big Room. You entered a temple. The Dungeons of Doom: levels 1 to 18 Level 1: A fountain. Level 2: Level 3: Level 4: Level 5: A sink, a grave. Level 6: A sink. Level 7: A delicatessen, a fountain. Level 8: A fountain. Level 9: Level 10: Level 11: Level 12: A very big room. Level 13: A temple. Level 14: A sink. Level 15: A temple to Set. Summoned by Pelias. Portal to The Quest. Level 16: A primitive area. Level 17: <- You were here. Final resting place for you, killed by a soldier ant. Level 18: The Quest: Level 1: Many trees. Home. Game over: ---------- / \ / REST \ / IN \ / PEACE \ / \ | Stella | | 612 Au | | killed by a | | soldier ant | | | | | | 2023 | *| * * * | * _________)/\\_//(\/(/\)/\//\/|_)_______ Goodbye Stella the Barbarian... You died in The Dungeons of Doom on dungeon level 17 with 7619 points, and 612 pieces of gold, after 3585 moves. You were level 8 with a maximum of 85 hit points when you died.